 Dungeon Crawl Stone Soup version 0.30.1-11-g7821555f0a (webtiles) character file.

Game seed: 18367654626146879090

61 SacredBeard the Trooper (level 4, 0/40 HPs)
             Began as a Hill Orc Fighter on Nov 5, 2023.
             Slain by Natasha (2 damage)
             ... on level 2 of the Dungeon.
             The game lasted 00:03:21 (1009 turns).

SacredBeard the Trooper (Hill Orc Fighter)          Turns: 1009, Time: 00:03:22

Health: 0/40       AC: 13    Str: 20    XL:     4   Next: 7%
Magic:  4/4        EV:  8    Int:  8    God:
Gold:   114        SH:  4    Dex: 10    Spells: 3/3 levels left

rFire   . . .        a - +0 war axe
rCold   . . .        c - +0 buckler
rNeg    . . .        n - +0 chain mail
rPois   .            (no helmet)
rElec   .            i - +0 cloak
rCorr   .            h - +1 pair of gloves
SInv    .            b - +0 pair of boots
Will    .....        (no amulet) Stlth
                     (no ring)
HPRegen 0.26/turn    (no ring)
MPRegen 0.09/turn

%: no passive effects
@: mighty, slowed, very slow
A: no striking features
a: no special abilities


You were on level 2 of the Dungeon.
You visited 1 branch of the dungeon, and saw 2 of its levels.

You collected 114 gold pieces.

Inventory:

Hand Weapons
 a - a +0 war axe (weapon)
Missiles
 e - 44 stones (quivered)
 g - 21 poisoned darts
Armour
 b - a +0 pair of boots (worn)
 c - a +0 buckler (worn)
 h - a +1 pair of gloves (worn)
 i - a +0 cloak (worn)
 n - a +0 chain mail (worn)
Scrolls
 f - a scroll of identify {unknown}
 l - a scroll of enchant weapon {unknown}
 m - a scroll of fog {unknown}
Potions
 j - a potion of ambrosia {unknown}
 k - a potion of curing {unknown}
 o - a potion of degeneration {unknown}


   Skills:
 + Level 4.0 Fighting
 + Level 3.3 Axes
 + Level 1.1 Throwing
 + Level 3.7 Armour
 - Level 1.0 Dodging
 + Level 3.6 Shields


You had 3 spell levels left.
You didn't know any spells.
Your spell library was empty.

Dungeon Overview and Level Annotations

Branches:
Dungeon (2/15) Zot: 10942

Altars:

Shops:
D:1 [:

Annotations:
D:2 Natasha


Message History

You miss Natasha. You block the gnoll's attack.
Natasha claws you but does no damage. The gnoll barely misses you.
Natasha mumbles some strange words.
You feel disoriented.
Natasha stares at you and mumbles some strange words.
You resist with some effort.
You hit Natasha but do no damage. The gnoll barely misses you.
Natasha claws you but does no damage.
The gnoll hits you from afar with a +0 halberd.
Natasha claws you but does no damage. The gnoll barely misses you.
You closely miss Natasha.
Natasha mumbles some strange words.
The gnoll barely misses you.
Natasha stares at you and mumbles some strange words.
The magic dart hits you but does no damage.
The gnoll hits you from afar with a +0 halberd.
You feel very mighty all of a sudden. Natasha claws you but does no damage.
The gnoll hits you but does no damage.
The cerulean imp hits you with a +0 spear.
* * * LOW HITPOINT WARNING * * *
Natasha claws you but does no damage.
You barely miss Natasha. You completely miss the cerulean imp.
The gnoll closely misses you.
The cerulean imp hits you with a +0 spear.
* * * LOW HITPOINT WARNING * * *
Natasha barely misses you. The gnoll hits you but does no damage.
The cerulean imp hits you but does no damage.
Natasha stares at you and mumbles some strange words.
The magic dart hits you but does no damage.
You slash Natasha!
Natasha is severely wounded.
You closely miss the cerulean imp.
The gnoll hits you from afar with a +0 halberd.
* * * LOW HITPOINT WARNING * * *
The cerulean imp hits you with a +0 spear.
* * * LOW HITPOINT WARNING * * *
Natasha claws you but does no damage. The gnoll closely misses you.
The cerulean imp hits you but does no damage.
Natasha claws you.
You die...

........###########.#.#
....................#.#
..............#######..
..............### ###
........#####...#
.######## ###.# #.# #5#
#@# ##h# #lg# #5## #g
.. ... .... .....


You could see Natasha, 2 gnolls, 2 cerulean imps and a frilled lizard.

Vanquished Creatures
  Natasha (D:2)
  A gnoll (D:2)
  2 dart slugs (D:1)
  3 giant cockroaches
  3 hobgoblins (D:1)
  2 kobolds
  A quokka (D:1)
  2 ball pythons
  4 bats
  4 goblins
  A rat (D:1)
24 creatures vanquished.

Notes
Turn   | Place    | Note
-------+----------+-------------------------------------------
     0 | D:1      | SacredBeard the Hill Orc Fighter began the quest for the
                  | Orb.
     0 | D:1      | Reached XP level 1. HP: 19/19 MP: 1/1
    71 | D:1      | Found Tew Xaips's Book Shoppe.
   264 | D:1      | Reached XP level 2. HP: 27/27 MP: 2/2
   561 | D:1      | Found Zanoshugaorch's Antique Armour Boutique.
   828 | D:2      | Reached XP level 3. HP: 33/33 MP: 3/3
   957 | D:2      | Noticed Natasha
   962 | D:2      | Killed Natasha
   963 | D:2      | Reached skill level 1 in Throwing
   993 | D:2      | Noticed Natasha
  1004 | D:2      | Reached skill level 4 in Fighting
  1004 | D:2      | Reached skill level 1 in Dodging
  1004 | D:2      | Reached XP level 4. HP: 20/40 MP: 4/4
  1009 | D:2      | HP: 2/40 [cerulean imp/+0 spear[Natasha] (4)]
  1009 | D:2      | Slain by Natasha

Illustrated notes

Levels and vault maps discovered:
D:1:      minmay_arrival_shattered_statue, layout_loops_ring, serial_shops,
          shop, shop, serial_bayou_pond_c, minmay_pentomino_s4
D:2:      cheibrodos_old_hovel, layout_basic, basic_altar,
          hangedman_abyss_or_decor_lesser_grid, uniq_natasha

Skill      XL: |  1  2  3 |
---------------+----------+-----
Axes           | 3 |  3.3
Throwing       | 1 |  1.1
Fighting       | 4 |  4.0
Dodging        | 1 |  1.0
Armour         | |  3.7
Shields        | |  3.6

Action                     |  1- 3 |  4- 6 || total
---------------------------+-------+-------++-------
  Melee: War axe           |    90 |     5 ||    95
  Throw: Stone             |    22 |       ||    22
    Use: Potion            |       |     1 ||     1
 Armour: Scale mail        |    28 |       ||    28
         Chain mail        |    32 |    12 ||    44
  Dodge: Dodged            |    53 |     7 ||    60
  Block: Buckler           |    24 |     1 ||    25
